Diablos vs Demolitions

Created - May 5, 2019 at 20:05

Goals
1 2 3 OT1 SO T
Diablos 1 2 1 0 1 4
Demolitions 1 3 0 0 2 5
Shots
1 2 3 OT1 SO T
Diablos 12 11 10 2 8 35
Demolitions 9 6 6 1 8 22

1st period

1. Diablos , Nick Spaling 49 (Jason Akeson 45, Lars Eller 80) at 12:08
2. Demolitions , Erik Cole 41 (Michael Latta 74, Spencer Machacek 47) at 13:24

Penalties :
Cameron Gaunce (Don) for Interference (Minor) at 6:43

2nd period

3. Demolitions , Spencer Machacek 55 (Michael Latta 75) at 3:24
4. Diablos , Tyler Pitlick 18 (Bryan Bickell 27, Nikita Nesterov 2) at 6:38
5. Demolitions , Spencer Machacek 56 (Michael Latta 76) at 6:59
6. Demolitions , Dennis Everberg 25 (James Wright 22, Lane MacDermid 27) at 16:21
7. Diablos , Bryan Bickell 21 (Tyler Pitlick 35) at 16:53

Penalties :
Robert Bortuzzo (Vic) for Roughing (Minor) at 8:25, Barclay Goodrow (Don) for Holding Stick (Minor) at 11:48

3rd period

8. Diablos , Jason Akeson 43 (Nick Spaling 49, Lars Eller 81) at 14:37

Penalties :
Jiri Sekac (Don) for Interference (Minor) at 2:48, Nick Spaling (Don) for Tripping (Minor) at 3:07, Erik Cole (Vic) for Charging (Minor) at 18:04

Overtime #1

No Goal

Penalties :
No Penalty

Shootout

Diablos , Jason Akeson - Goal!
Demolitions, Joel Vermin - Stopped by Andrew Hammond
Diablos , Nick Spaling - Stopped by Karri Ramo
Demolitions, Erik Cole - Stopped by Andrew Hammond
Diablos , Lars Eller - Stopped by Karri Ramo
Demolitions, Spencer Machacek - Goal!
Diablos , Tyler Pitlick - Stopped by Karri Ramo
Demolitions, Dennis Everberg - Stopped by Andrew Hammond
Diablos , Corey Trivino - Shot Misses the Net
Demolitions, Lane MacDermid - Stopped by Andrew Hammond
Diablos , Danny Kristo - Shot Misses the Net
Demolitions, Billy Sweat - Stopped by Andrew Hammond
Diablos , Philip Larsen - Stopped by Karri Ramo
Demolitions, Cameron Schilling - Shot Misses the Net
Diablos , Bryan Bickell - Shot Misses the Net
Demolitions, Brandon McMillan - Goal!

Penalties :
No Penalty

Goalie Stats

Andrew Hammond (Don), 7 saves from 7 shots - (1.000), OTL, 19-20-5, 28:39 minutes
Kristers Gudlevskis (Don), 11 saves from 15 shots - (0.733), 36:21 minutes
Karri Ramo (Vic), 31 saves from 35 shots - (0.886), W, 15-16-1, 65:00 minutes

Players Stats for Diablos

Player Name              G  A  P  +/- PIM S  H  SB GA TA FO     MP     PP MP  PK MP  
------------------------------------------------------------------------------------
Alex Petrovic            0  0  0   0  0   0  2  1  0  1  0/0    20:21   1:17   2:42 
Andrei Mironov           0  0  0   1  0   0  0  0  0  0  0/0     5:37   0:00   0:00 
Andrey Pedan             0  0  0   0  0   0  0  0  0  0  0/0    10:45   0:00   0:00 
Barclay Goodrow          0  0  0   0  2   2  0  0  0  0  0/0     9:28   0:00   0:00 
Brian Dumoulin           0  0  0   0  0   0  0  1  0  0  0/0    20:21   1:17   2:42 
Bryan Bickell            1  1  2   1  0   5  2  0  1  1  0/0    17:54   1:36   1:10 
Cameron Gaunce           0  0  0  -1  2   0  1  3  2  0  0/0    26:09   2:37   2:20 
Charles Hudon            0  0  0   0  0   1  0  0  0  0  0/0     9:25   0:00   0:00 
Corey Trivino            0  0  0   1  0   1  2  1  0  1  8/14   16:12   1:36   0:00 
Danny Kristo             0  0  0  -1  0   2  1  0  1  1  0/0    10:10   0:00   0:00 
David Musil              0  0  0   0  0   0  0  0  0  0  0/0     1:15   0:00   0:49 
Jason Akeson             1  1  2   0  0   6  3  1  1  0  9/15   23:45   2:18   3:30 
Jiri Sekac               0  0  0  -1  2   0  0  0  0  0  0/0    10:10   0:00   0:01 
Lars Eller               0  2  2   0  0   4  2  0  1  0  8/21   19:56   2:18   0:55 
Marek Zagrapan           0  0  0  -1  0   1  1  1  0  0  3/7    11:54   0:00   1:13 
Nick Spaling             1  1  2   0  2   5  0  0  1  0  0/2    22:42   2:18   2:24 
Nikita Nesterov          0  1  1   1  0   0  1  0  0  0  0/0     5:37   0:00   0:00 
Peter Holland            0  0  0   0  0   1  2  0  1  0  1/1    10:23   0:00   0:43 
Philip Larsen            0  0  0  -1  0   1  1  0  1  1  0/0    27:22   2:37   3:34 
Sergey Tolchinsky        0  0  0   0  0   0  0  0  0  0  0/0     0:43   0:00   0:00 
Tobias Lindberg          0  0  0   0  0   0  0  0  0  0  0/0     0:36   0:00   0:00 
Tyler Lewington          0  0  0   0  0   0  0  0  0  0  0/0     0:55   0:00   0:00 
Tyler Pitlick            1  1  2   1  0   5  2  0  1  0  1/1    18:30   1:36   0:55 
Viktor Loov              0  0  0   0  0   1  0  0  0  1  0/0    11:50   0:00   0:25 

Players Stats for Demolitions

Player Name              G  A  P  +/- PIM S  H  SB GA TA FO     MP     PP MP  PK MP  
------------------------------------------------------------------------------------
Aaron Palushaj           0  0  0   0  0   0  1  1  0  0  0/0    10:32   0:07   0:00 
Andrej Nestrasil         0  0  0   0  0   0  0  0  0  0  0/0     2:03   0:22   0:00 
Billy Sweat              0  0  0   0  0   4  3  1  2  0  0/0    10:36   0:00   0:00 
Brandon McMillan         0  0  0   0  0   0  0  0  0  0  0/0    10:13   0:00   0:00 
Cameron Schilling        0  0  0   3  0   2  1  1  0  1  0/0    28:37   4:34   1:40 
Corban Knight            0  0  0   0  0   0  3  0  0  1  1/4    15:15   2:18   0:54 
Dennis Everberg          1  0  1  -2  0   4  3  0  0  1  0/1    16:09   3:36   0:55 
Derek Forbort            0  0  0  -2  0   0  0  0  0  0  0/0    13:08   0:49   0:58 
Erik Cole                1  0  1   2  2   2  0  1  1  0  0/0    20:08   0:00   0:00 
James Wright             0  1  1  -2  0   2  1  0  0  0  10/18  20:10   3:51   2:09 
Joel Vermin              0  0  0   0  0   0  0  0  0  0  0/0     9:30   0:22   0:00 
Jonathan Blum            0  0  0  -1  0   2  1  1  0  2  0/0    26:02   3:19   2:18 
Lane MacDermid           0  1  1  -2  0   1  3  0  0  1  0/0    16:44   2:18   0:53 
Michael Latta            0  3  3   2  0   0  1  1  1  2  16/33  23:48   3:36   2:06 
Nick Shore               0  0  0   0  0   0  0  0  0  0  0/0     0:00   0:00   0:00 
Phil McRae               0  0  0   0  0   0  0  0  0  0  2/2     8:56   0:00   0:00 
Robert Bortuzzo          0  0  0  -1  2   0  1  1  0  0  0/0    19:29   0:00   0:36 
Seth Helgeson            0  0  0   3  0   1  1  5  0  2  0/0    29:31   1:21   2:24 
Spencer Machacek         2  1  3   2  0   4  0  1  1  0  2/3    20:59   2:18   0:55 
Taylor Aronson           0  0  0  -2  0   0  0  2  1  0  0/0    14:10   2:29   0:00 

3 Stars

1 - Spencer Machacek (Vic)
2 - Michael Latta (Vic)
3 - Tyler Pitlick (Don)

Power Play

Diablos - 0 on 2 Attempt(s) - 0.00%
Demolitions - 0 on 4 Attempt(s) - 0.00%

Penalty Kill

Diablos - 4 on 4 Attempt(s) - 100.00% - Score 0 goal in Penalty Kill
Demolitions - 2 on 2 Attempt(s) - 100.00% - Score 0 goal in Penalty Kill

Team Stat

Diablos - Hits : 20 - Faceoff Wins : 30 - Blocked Shots : 8 - Penalty Minutes : 8
Demolitions - Hits : 19 - Faceoff Wins : 31 - Blocked Shots : 15 - Penalty Minutes : 4

Official

Referees : Unknown
Linesman : Unknown

Game Notes

3:24 of 2nd period - Demolitions goal is going for a video replay. After video review, Goal.
Andrew Hammond enters game at 16:21 of 2nd period

Finance

Level 1 -- Attendance: 1477 (73.85%) -- Ticket Income $38,402
Level 2 -- Attendance: 805 (80.50%) -- Ticket Income $7,245
Total Attendance: 2282 (76.07%)
Total Ticket Income: $45,647
Other Income: $2,282
Total Income: $47,929

Diablos

5 vs 5 Forward 
   Center                   Left Wing                Right Wing               Time % Phy DF OF 
 1 Lars Eller               Nick Spaling             Jason Akeson             40     1   2  2  
 2 Corey Trivino            Bryan Bickell            Tyler Pitlick            30     1   2  2  
 3 Marek Zagrapan           Jiri Sekac               Danny Kristo             20     1   2  2  
 4 Peter Holland            Charles Hudon            Barclay Goodrow          10     1   2  2  

5 vs 5 Defense 
   Defense                  Defense                                           Time % Phy DF OF 
 1 Cameron Gaunce           Philip Larsen                                     40     1   2  2  
 2 Brian Dumoulin           Alex Petrovic                                     30     1   2  2  
 3 Viktor Loov              Andrey Pedan                                      20     1   2  2  
 4 Nikita Nesterov          Andrei Mironov                                    10     1   2  2  

PowerPlay Forward 
   Center                   Left Wing                Right Wing               Time % Phy DF OF 
 1 Lars Eller               Nick Spaling             Jason Akeson             60     1   2  2  
 2 Corey Trivino            Bryan Bickell            Tyler Pitlick            40     1   2  2  

PowerPlay Defense
   Defense                  Defense                                           Time % Phy DF OF 
 1 Cameron Gaunce           Philip Larsen                                     60     1   2  2  
 2 Brian Dumoulin           Alex Petrovic                                     40     1   2  2  

Penalty Kill 4 Players Forward 
   Center                   Wing                     Time % Phy DF OF 
 1 Jason Akeson             Nick Spaling             60     1   2  2  
 2 Lars Eller               Tyler Pitlick            40     1   2  2  

Penalty Kill 4 Players Defense
   Defense                  Defense                  Time % Phy DF OF 
 1 Cameron Gaunce           Philip Larsen            60     1   2  2  
 2 Brian Dumoulin           Alex Petrovic            40     1   2  2  

Penalty Kill - 3 Players Forward 
   Forward                                           Time % Phy DF OF 
 1 Jason Akeson                                      60     1   2  2  
 2 Nick Spaling                                      40     1   2  2  

Penalty Kill - 3 Players Defense
   Defense                  Defense                  Time % Phy DF OF 
 1 Cameron Gaunce           Philip Larsen            60     1   2  2  
 2 Brian Dumoulin           Alex Petrovic            40     1   2  2  

4 vs 4 Forward 
   Center                   Wing                     Time % Phy DF OF 
 1 Jason Akeson             Nick Spaling             60     1   2  2  
 2 Lars Eller               Tyler Pitlick            40     1   2  2  

4 vs 4 Defense
   Defense                  Defense                  Time % Phy DF OF 
 1 Cameron Gaunce           Philip Larsen            60     1   2  2  
 2 Brian Dumoulin           Alex Petrovic            40     1   2  2  

Last Minutes Offensive
   Center                   Left Wing                Right Wing               Defense                  Defense                  
   Lars Eller               Nick Spaling             Jason Akeson             Cameron Gaunce           Philip Larsen            

Last Minutes Defensive
   Center                   Left Wing                Right Wing               Defense                  Defense                  
   Lars Eller               Nick Spaling             Jason Akeson             Cameron Gaunce           Philip Larsen            

Goaltenders
Starting : Kristers Gudlevskis      
Backup : Andrew Hammond           

Extra Forwards
Normal : Sergey Tolchinsky, Tobias Lindberg, Marek Zagrapan - PP : Sergey Tolchinsky, Tobias Lindberg - PK : Marek Zagrapan
Extra Defensemen
Normal : Tyler Lewington, David Musil, Viktor Loov - PP : Tyler Lewington - PK : David Musil, Viktor Loov
Penalty Shots
Jason Akeson, Nick Spaling, Lars Eller, Tyler Pitlick, Corey Trivino

Scratches
Jordan Szwarz (Lower Body Injury), Darcy Kuemper (Healthy), Joni Ortio (Healthy)

Demolitions

5 vs 5 Forward 
   Center                   Left Wing                Right Wing               Time % Phy DF OF 
 1 Michael Latta            Erik Cole                Spencer Machacek         60     0   0  5  
 2 James Wright             Lane MacDermid           Dennis Everberg          26     0   0  5  
 3 Corban Knight            Brandon McMillan         Aaron Palushaj           10     0   3  2  
 4 Phil McRae               Billy Sweat              Joel Vermin              4      0   3  2  

5 vs 5 Defense 
   Defense                  Defense                                           Time % Phy DF OF 
 1 Cameron Schilling        Seth Helgeson                                     50     0   0  5  
 2 Jonathan Blum            Robert Bortuzzo                                   30     0   2  3  
 3 Taylor Aronson           Derek Forbort                                     10     1   2  2  
 4 Jonathan Blum            Seth Helgeson                                     10     0   0  5  

PowerPlay Forward 
   Center                   Left Wing                Right Wing               Time % Phy DF OF 
 1 James Wright             Michael Latta            Dennis Everberg          75     0   0  5  
 2 Corban Knight            Lane MacDermid           Spencer Machacek         25     0   0  5  

PowerPlay Defense
   Defense                  Defense                                           Time % Phy DF OF 
 1 Jonathan Blum            Cameron Schilling                                 75     0   0  5  
 2 Cameron Schilling        Seth Helgeson                                     25     0   0  5  

Penalty Kill 4 Players Forward 
   Center                   Wing                     Time % Phy DF OF 
 1 James Wright             Michael Latta            60     1   2  2  
 2 Spencer Machacek         Dennis Everberg          40     1   2  2  

Penalty Kill 4 Players Defense
   Defense                  Defense                  Time % Phy DF OF 
 1 Jonathan Blum            Seth Helgeson            60     1   2  2  
 2 Cameron Schilling        Robert Bortuzzo          40     1   2  2  

Penalty Kill - 3 Players Forward 
   Forward                                           Time % Phy DF OF 
 1 James Wright                                      60     1   2  2  
 2 Erik Cole                                         40     1   2  2  

Penalty Kill - 3 Players Defense
   Defense                  Defense                  Time % Phy DF OF 
 1 Jonathan Blum            Seth Helgeson            60     1   2  2  
 2 Cameron Schilling        Robert Bortuzzo          40     1   2  2  

4 vs 4 Forward 
   Center                   Wing                     Time % Phy DF OF 
 1 James Wright             Erik Cole                60     1   2  2  
 2 Michael Latta            Erik Cole                40     1   2  2  

4 vs 4 Defense
   Defense                  Defense                  Time % Phy DF OF 
 1 Jonathan Blum            Seth Helgeson            60     1   2  2  
 2 Cameron Schilling        Robert Bortuzzo          40     1   2  2  

Last Minutes Offensive
   Center                   Left Wing                Right Wing               Defense                  Defense                  
   James Wright             Erik Cole                Spencer Machacek         Jonathan Blum            Seth Helgeson            

Last Minutes Defensive
   Center                   Left Wing                Right Wing               Defense                  Defense                  
   James Wright             Erik Cole                Spencer Machacek         Jonathan Blum            Seth Helgeson            

Goaltenders
Starting : Karri Ramo               
Backup : Connor Hellebyuk         

Extra Forwards
Normal : James Wright, Billy Sweat, Andrej Nestrasil - PP : Andrej Nestrasil, Joel Vermin - PK : Michael Latta
Extra Defensemen
Normal : Taylor Aronson, Derek Forbort, Cameron Schilling - PP : Taylor Aronson - PK : Derek Forbort, Cameron Schilling
Penalty Shots
Joel Vermin, Erik Cole, Spencer Machacek, Dennis Everberg, Lane MacDermid

Scratches
Alex Hutchings (Healthy), Ryan Olsen (Healthy), Thomas DiPauli (Healthy), JC Lipon (Healthy), Taylor Leier (Healthy)
Colton Sceviour (Healthy), Nick Pryor (Healthy), Jake Paterson (Healthy)

% Time on Ice - Diablos

Lines # - Real PCT - Wanted PCT - Time Play
Normal Forward
1 - 31% - 40% - 15:39
2 - 29% - 30% - 14:36
3 - 20% - 20% - 10:10
4 - 19% - 10% - 9:25
Normal Defense
1 - 38% - 40% - 19:00
2 - 29% - 30% - 14:28
3 - 22% - 20% - 10:45
4 - 11% - 10% - 5:37
PP Forward
1 - 59% - 60% - 2:18
2 - 41% - 40% - 1:36
PP Defense
1 - 67% - 60% - 2:37
2 - 33% - 40% - 1:17
PK Forward
1 - 80% - 60% - 3:41
2 - 20% - 40% - 0:55
PK Defense
1 - 52% - 60% - 2:24
2 - 48% - 40% - 2:12
PK3 Forward
1 - 68% - 60% - 1:08
2 - 32% - 40% - 0:32
PK3 Defense
1 - 70% - 60% - 1:10
2 - 30% - 40% - 0:30
44 Forward
1 - 72% - 60% - 3:37
2 - 28% - 40% - 1:23
44 Defense
1 - 62% - 60% - 3:06
2 - 38% - 40% - 1:54
Last Minute Offensive  - 0:00
Last Minute Defensive  - 0:00
Total
Forward - 65:00
Defense - 65:00

% Time on Ice - Demolitions

Lines # - Real PCT - Wanted PCT - Time Play
Normal Forward
1 - 38% - 60% - 18:56
2 - 24% - 26% - 11:45
3 - 21% - 10% - 10:13
4 - 18% - 4% - 8:56
Normal Defense
1 - 42% - 50% - 21:02
2 - 35% - 30% - 17:39
3 - 21% - 10% - 10:33
4 - 1% - 10% - 0:36
PP Forward
1 - 63% - 75% - 3:58
2 - 37% - 25% - 2:18
PP Defense
1 - 80% - 75% - 5:02
2 - 20% - 25% - 1:14
PK Forward
1 - 76% - 60% - 2:59
2 - 24% - 40% - 0:55
PK Defense
1 - 53% - 60% - 2:03
2 - 47% - 40% - 1:51
PK3 Forward
1 - 100% - 60% - 0:04
2 - 0% - 40% - 0:00
PK3 Defense
1 - 100% - 60% - 0:04
2 - 0% - 40% - 0:00
44 Forward
1 - 93% - 60% - 4:36
2 - 7% - 40% - 0:20
44 Defense
1 - 62% - 60% - 3:03
2 - 38% - 40% - 1:53
Last Minute Offensive  - 0:00
Last Minute Defensive  - 0:00
Total
Forward - 65:00
Defense - 65:00

Play-by-Play

1st period


0:01 of 1st period - Jason Akeson wins face-off versus Michael Latta in neutral zone.
0:30 of 1st period - Snap shot by Nick Spaling.
0:30 of 1st period - Stopped by Karri Ramo with a rebound.
0:56 of 1st period - Snap shot by Peter Holland.
0:56 of 1st period - Deflect By Charles Hudon.
0:56 of 1st period - Stopped by Karri Ramo without a rebound.
0:57 of 1st period - Michael Latta wins face-off versus Marek Zagrapan in Demolitions zone.
1:22 of 1st period - Jason Akeson is hit by Corban Knight and loses puck.
1:33 of 1st period - Backhand shot by Brandon McMillan.
1:33 of 1st period - Shot Misses the Net.
1:35 of 1st period - Slapshot by Jonathan Blum.
1:35 of 1st period - Stopped by Kristers Gudlevskis without a rebound.
1:36 of 1st period - Tyler Pitlick wins face-off versus Michael Latta in Diablos zone.
2:07 of 1st period - Snap shot by Billy Sweat.
2:07 of 1st period - Stopped by Kristers Gudlevskis with a rebound.
2:30 of 1st period - Snap shot by Dennis Everberg.
2:30 of 1st period - Stopped by Kristers Gudlevskis without a rebound.
2:31 of 1st period - Corey Trivino wins face-off versus Spencer Machacek in Diablos zone.
2:38 of 1st period - Snap shot by Corey Trivino.
2:38 of 1st period - Shot Misses the Net.
2:40 of 1st period - Slapshot by Philip Larsen.
2:40 of 1st period - Stopped by Karri Ramo with a rebound.
2:42 of 1st period - Slapshot by Philip Larsen.
2:42 of 1st period - Shot Blocked by Spencer Machacek.
2:44 of 1st period - Slapshot by Philip Larsen.
2:44 of 1st period - Shot Blocked by Cameron Schilling.
3:19 of 1st period - Wrist shot by James Wright.
3:19 of 1st period - Shot Misses the Net.
3:21 of 1st period - Wrist shot by Cameron Schilling.
3:21 of 1st period - Shot Blocked by Alex Petrovic.
3:23 of 1st period - Snap shot by James Wright.
3:23 of 1st period - Stopped by Kristers Gudlevskis with a rebound.
3:25 of 1st period - Wrist shot by James Wright.
3:25 of 1st period - Shot Misses the Net.
3:35 of 1st period - Jonathan Blum is hit by Danny Kristo and loses puck.
3:44 of 1st period - Wrist shot by Danny Kristo.
3:44 of 1st period - Shot Misses the Net.
4:38 of 1st period - Lane MacDermid is hit by Peter Holland and loses puck.
5:03 of 1st period - Wrist shot by Danny Kristo.
5:03 of 1st period - Deflect By Marek Zagrapan.
5:03 of 1st period - Shot Misses the Net.
5:03 of 1st period - Puck is out of play.
5:04 of 1st period - Spencer Machacek wins face-off versus Marek Zagrapan in Demolitions zone.
5:09 of 1st period - Snap shot by Marek Zagrapan.
5:09 of 1st period - Stopped by Karri Ramo with a rebound.
5:11 of 1st period - Wrist shot by Danny Kristo.
5:11 of 1st period - Stopped by Karri Ramo with a rebound.
5:19 of 1st period - Snap shot by Danny Kristo.
5:19 of 1st period - Stopped by Karri Ramo with a rebound.
5:38 of 1st period - Snap shot by Jason Akeson.
5:38 of 1st period - Shot Misses the Net.
6:34 of 1st period - Wrist shot by Spencer Machacek.
6:34 of 1st period - Deflect By Peter Holland.
6:34 of 1st period - Shot Blocked by Brian Dumoulin.
6:34 of 1st period - Puck is out of play.
6:35 of 1st period - Michael Latta wins face-off versus Nick Spaling in Diablos zone.
6:43 of 1st period - Minor Penalty to Cameron Gaunce for Interference.
6:44 of 1st period - James Wright wins face-off versus Jason Akeson in Diablos zone.
7:47 of 1st period - Nick Spaling is hit by Dennis Everberg and loses puck.
8:10 of 1st period - Spencer Machacek is hit by Alex Petrovic and loses puck.
8:43 of 1st period - Penalty to Cameron Gaunce is over, Cameron Gaunce is back on ice.
10:15 of 1st period - Michael Latta is hit by Tyler Pitlick.
11:32 of 1st period - Wrist shot by Barclay Goodrow.
11:32 of 1st period - Shot Misses the Net.
11:34 of 1st period - Slapshot by Viktor Loov.
11:34 of 1st period - Shot Blocked by Seth Helgeson.
11:36 of 1st period - Slapshot by Peter Holland.
11:36 of 1st period - Deflect By Barclay Goodrow.
11:36 of 1st period - Shot Blocked by Billy Sweat.
11:36 of 1st period - Puck is out of play.
11:37 of 1st period - Michael Latta wins face-off versus Lars Eller in Demolitions zone.
11:42 of 1st period - Michael Latta is hit by Lars Eller and loses puck.
12:06 of 1st period - Snap shot by Jason Akeson.
12:06 of 1st period - Stopped by Karri Ramo with a rebound.
12:08 of 1st period - Slapshot by Nick Spaling.
12:08 of 1st period - Goal by Nick Spaling - Diablos : 1 - Demolitions : 0.
12:09 of 1st period - Michael Latta wins face-off versus Corey Trivino in neutral zone.
12:34 of 1st period - Lars Eller is hit by Dennis Everberg and loses puck.
13:24 of 1st period - Snap shot by Michael Latta.
13:24 of 1st period - Deflect By Erik Cole.
13:24 of 1st period - Goal by Erik Cole - Diablos : 1 - Demolitions : 1.
13:25 of 1st period - Spencer Machacek wins face-off versus Lars Eller in neutral zone.
13:37 of 1st period - Icing by Seth Helgeson.
13:38 of 1st period - Corey Trivino wins face-off versus Michael Latta in Demolitions zone.
13:43 of 1st period - Backhand shot by Tyler Pitlick.
13:43 of 1st period - Deflect By Corey Trivino.
13:43 of 1st period - Shot Blocked by Seth Helgeson.
13:43 of 1st period - Puck is out of play.
13:44 of 1st period - Corey Trivino wins face-off versus Michael Latta in Demolitions zone.
13:45 of 1st period - Snap shot by Tyler Pitlick.
13:45 of 1st period - Stopped by Karri Ramo with a rebound.
13:48 of 1st period - Icing by Cameron Schilling.
13:49 of 1st period - Lars Eller wins face-off versus Michael Latta in Demolitions zone.
14:02 of 1st period - Snap shot by Spencer Machacek.
14:02 of 1st period - Shot Blocked by Cameron Gaunce.
14:04 of 1st period - Slapshot by Spencer Machacek.
14:04 of 1st period - Stopped by Kristers Gudlevskis with a rebound.
14:18 of 1st period - Slapshot by Cameron Schilling.
14:18 of 1st period - Stopped by Kristers Gudlevskis without a rebound.
14:19 of 1st period - Corey Trivino wins face-off versus Corban Knight in Diablos zone.
14:28 of 1st period - Snap shot by Brandon McMillan.
14:28 of 1st period - Shot Misses the Net.
14:30 of 1st period - Slapshot by Jonathan Blum.
14:30 of 1st period - Stopped by Kristers Gudlevskis without a rebound.
14:31 of 1st period - Michael Latta wins face-off versus Corey Trivino in Diablos zone.
14:36 of 1st period - Snap shot by Spencer Machacek.
14:36 of 1st period - Stopped by Kristers Gudlevskis without a rebound.
14:37 of 1st period - Michael Latta wins face-off versus Corey Trivino in Diablos zone.
14:44 of 1st period - Wrist shot by Michael Latta.
14:44 of 1st period - Shot Blocked by Corey Trivino.
15:54 of 1st period - Wrist shot by Corey Trivino.
15:54 of 1st period - Shot Misses the Net.
16:16 of 1st period - Wrist shot by Lars Eller.
16:16 of 1st period - Shot Blocked by Jonathan Blum.
16:18 of 1st period - Snap shot by Lars Eller.
16:18 of 1st period - Stopped by Karri Ramo with a rebound.
16:20 of 1st period - Snap shot by Jason Akeson.
16:20 of 1st period - Shot Misses the Net.
16:55 of 1st period - Slapshot by Bryan Bickell.
16:55 of 1st period - Stopped by Karri Ramo without a rebound.
16:56 of 1st period - Corey Trivino wins face-off versus Corban Knight in Demolitions zone.
16:57 of 1st period - Snap shot by Tyler Pitlick.
16:57 of 1st period - Stopped by Karri Ramo with a rebound.
16:59 of 1st period - Wrist shot by Bryan Bickell.
16:59 of 1st period - Deflect By Tyler Pitlick.
16:59 of 1st period - Shot Blocked by Aaron Palushaj.
16:59 of 1st period - Puck is out of play.
17:00 of 1st period - Michael Latta wins face-off versus Corey Trivino in Demolitions zone.
17:17 of 1st period - Snap shot by Bryan Bickell.
17:17 of 1st period - Deflect By Tyler Pitlick.
17:17 of 1st period - Shot Misses the Net.
17:17 of 1st period - Puck is out of play.
17:18 of 1st period - James Wright wins face-off versus Lars Eller in Demolitions zone.
17:20 of 1st period - Icing by Dennis Everberg.
17:21 of 1st period - James Wright wins face-off versus Lars Eller in Demolitions zone.
17:26 of 1st period - Snap shot by Lars Eller.
17:26 of 1st period - Shot Blocked by Seth Helgeson.
18:46 of 1st period - Jonathan Blum is hit by Alex Petrovic and loses puck.
19:11 of 1st period - Corban Knight is hit by Bryan Bickell and loses puck.
Goals for this period are 1 for Diablos vs 1 for Demolitions.
Shots for this period are 12 for Diablos vs 9 for Demolitions.

2nd period


0:01 of 2nd period - Lars Eller wins face-off versus Michael Latta in neutral zone.
0:08 of 2nd period - Wrist shot by Lars Eller.
0:08 of 2nd period - Shot Blocked by Michael Latta.
0:56 of 2nd period - Slapshot by Brian Dumoulin.
0:56 of 2nd period - Shot Misses the Net.
2:25 of 2nd period - Snap shot by Corey Trivino.
2:25 of 2nd period - Stopped by Karri Ramo with a rebound.
2:27 of 2nd period - Slapshot by Brian Dumoulin.
2:27 of 2nd period - Deflect By Bryan Bickell.
2:27 of 2nd period - Stopped by Karri Ramo without a rebound.
2:28 of 2nd period - Michael Latta wins face-off versus Lars Eller in Demolitions zone.
2:58 of 2nd period - Wrist shot by Jiri Sekac.
2:58 of 2nd period - Shot Misses the Net.
3:16 of 2nd period - Snap shot by Phil McRae.
3:16 of 2nd period - Shot Misses the Net.
3:18 of 2nd period - Slapshot by Derek Forbort.
3:18 of 2nd period - Shot Blocked by Marek Zagrapan.
3:22 of 2nd period - Snap shot by Billy Sweat.
3:22 of 2nd period - Stopped by Kristers Gudlevskis without a rebound.
3:23 of 2nd period - Michael Latta wins face-off versus Lars Eller in Diablos zone.
3:24 of 2nd period - Snap shot by Spencer Machacek.
3:24 of 2nd period - Demolitions goal is going for a video replay.
3:24 of 2nd period - The goal is good.
3:24 of 2nd period - Goal by Spencer Machacek - Diablos : 1 - Demolitions : 2.
3:25 of 2nd period - Lars Eller wins face-off versus Michael Latta in neutral zone.
4:41 of 2nd period - Viktor Loov is hit by Jonathan Blum and loses puck.
4:52 of 2nd period - Taylor Aronson is hit by Jason Akeson and loses puck.
5:52 of 2nd period - Brian Dumoulin is hit by Aaron Palushaj and loses puck.
6:32 of 2nd period - Wrist shot by Bryan Bickell.
6:32 of 2nd period - Shot Misses the Net.
6:34 of 2nd period - Slapshot by Nikita Nesterov.
6:34 of 2nd period - Shot Misses the Net.
6:36 of 2nd period - Snap shot by Bryan Bickell.
6:36 of 2nd period - Stopped by Karri Ramo with a rebound.
6:38 of 2nd period - Snap shot by Tyler Pitlick.
6:38 of 2nd period - Goal by Tyler Pitlick - Diablos : 2 - Demolitions : 2.
6:39 of 2nd period - Lars Eller wins face-off versus Michael Latta in neutral zone.
6:49 of 2nd period - Snap shot by Jason Akeson.
6:49 of 2nd period - Stopped by Karri Ramo with a rebound.
6:51 of 2nd period - Snap shot by Jason Akeson.
6:51 of 2nd period - Stopped by Karri Ramo without a rebound.
6:52 of 2nd period - Michael Latta wins face-off versus Nick Spaling in Demolitions zone.
6:57 of 2nd period - Snap shot by Michael Latta.
6:57 of 2nd period - Shot Blocked by Cameron Gaunce.
6:59 of 2nd period - Wrist shot by Spencer Machacek.
6:59 of 2nd period - Goal by Spencer Machacek - Diablos : 2 - Demolitions : 3.
7:00 of 2nd period - Michael Latta wins face-off versus Lars Eller in neutral zone.
7:13 of 2nd period - Snap shot by Spencer Machacek.
7:13 of 2nd period - Shot Blocked by Cameron Gaunce.
7:15 of 2nd period - Slapshot by Cameron Schilling.
7:15 of 2nd period - Stopped by Kristers Gudlevskis with a rebound.
8:05 of 2nd period - Snap shot by Corban Knight.
8:05 of 2nd period - Deflect By Erik Cole.
8:05 of 2nd period - Stopped by Kristers Gudlevskis with a rebound.
8:11 of 2nd period - Michael Latta is hit by Peter Holland and loses puck.
8:25 of 2nd period - Minor Penalty to Robert Bortuzzo for Roughing.
8:26 of 2nd period - Lars Eller wins face-off versus Michael Latta in Demolitions zone.
10:25 of 2nd period - Penalty to Robert Bortuzzo is over, Robert Bortuzzo is back on ice.
10:25 of 2nd period - Jonathan Blum is hit by Jason Akeson.
11:05 of 2nd period - Jonathan Blum is hit by Cameron Gaunce and loses puck.
11:48 of 2nd period - Minor Penalty to Barclay Goodrow for Holding Stick.
11:49 of 2nd period - Jason Akeson wins face-off versus James Wright in Diablos zone.
12:03 of 2nd period - Snap shot by Jason Akeson.
12:03 of 2nd period - Deflect By Nick Spaling.
12:03 of 2nd period - Shot Misses the Net.
12:03 of 2nd period - Puck is out of play.
12:04 of 2nd period - Jason Akeson wins face-off versus Dennis Everberg in Demolitions zone.
12:55 of 2nd period - Dennis Everberg is hit by Marek Zagrapan and loses puck.
13:27 of 2nd period - Icing by James Wright.
13:28 of 2nd period - Marek Zagrapan wins face-off versus Corban Knight in Demolitions zone.
13:48 of 2nd period - Penalty to Barclay Goodrow is over, Barclay Goodrow is back on ice.
14:03 of 2nd period - Snap shot by Tyler Pitlick.
14:03 of 2nd period - Stopped by Karri Ramo with a rebound.
14:05 of 2nd period - Wrist shot by Bryan Bickell.
14:05 of 2nd period - Shot Misses the Net.
14:34 of 2nd period - Viktor Loov is hit by Corban Knight and loses puck.
14:47 of 2nd period - Andrey Pedan is hit by Lane MacDermid.
14:51 of 2nd period - Viktor Loov is hit by James Wright and loses puck.
15:02 of 2nd period - Charles Hudon is hit by Michael Latta and loses puck.
15:27 of 2nd period - Icing by Brian Dumoulin.
15:28 of 2nd period - Corban Knight wins face-off versus Corey Trivino in Diablos zone.
16:21 of 2nd period - Wrist shot by Dennis Everberg.
16:21 of 2nd period - Goal by Dennis Everberg - Diablos : 2 - Demolitions : 4.
16:21 of 2nd period - Andrew Hammond enters game.
16:22 of 2nd period - Lars Eller wins face-off versus Michael Latta in neutral zone.
16:34 of 2nd period - Slapshot by Nick Spaling.
16:34 of 2nd period - Deflect By Lars Eller.
16:34 of 2nd period - Stopped by Karri Ramo with a rebound.
16:53 of 2nd period - Wrist shot by Bryan Bickell.
16:53 of 2nd period - Goal by Bryan Bickell - Diablos : 3 - Demolitions : 4.
16:54 of 2nd period - Michael Latta wins face-off versus Lars Eller in neutral zone.
17:01 of 2nd period - Cameron Schilling is hit by Lars Eller and loses puck.
18:48 of 2nd period - Slapshot by Corey Trivino.
18:48 of 2nd period - Shot Misses the Net.
19:27 of 2nd period - Off-side.
19:28 of 2nd period - Peter Holland wins face-off versus Michael Latta in neutral zone.
19:33 of 2nd period - Slapshot by Viktor Loov.
19:33 of 2nd period - Stopped by Karri Ramo with a rebound.
19:35 of 2nd period - Slapshot by Barclay Goodrow.
19:35 of 2nd period - Shot Blocked by Erik Cole.
19:45 of 2nd period - Snap shot by Barclay Goodrow.
19:45 of 2nd period - Stopped by Karri Ramo with a rebound.
19:57 of 2nd period - Backhand shot by Peter Holland.
19:57 of 2nd period - Deflect By Jonathan Blum.
19:57 of 2nd period - Shot Misses the Net.
19:57 of 2nd period - Puck is out of play.
19:58 of 2nd period - James Wright wins face-off versus Jason Akeson in Demolitions zone.
Goals for this period are 2 for Diablos vs 3 for Demolitions.
Shots for this period are 11 for Diablos vs 6 for Demolitions.

3rd period


0:01 of 3rd period - Jason Akeson wins face-off versus Michael Latta in neutral zone.
0:05 of 3rd period - Snap shot by Nick Spaling.
0:05 of 3rd period - Stopped by Karri Ramo with a rebound.
0:07 of 3rd period - Backhand shot by Jason Akeson.
0:07 of 3rd period - Stopped by Karri Ramo with a rebound.
0:09 of 3rd period - Snap shot by Jason Akeson.
0:09 of 3rd period - Stopped by Karri Ramo with a rebound.
0:15 of 3rd period - Snap shot by Nick Spaling.
0:15 of 3rd period - Stopped by Karri Ramo with a rebound.
0:22 of 3rd period - Icing by Seth Helgeson.
0:23 of 3rd period - Corey Trivino wins face-off versus James Wright in Demolitions zone.
1:40 of 3rd period - Icing by Billy Sweat.
1:41 of 3rd period - Phil McRae wins face-off versus Lars Eller in Demolitions zone.
2:13 of 3rd period - Snap shot by Corey Trivino.
2:13 of 3rd period - Shot Misses the Net.
2:15 of 3rd period - Wrist shot by Bryan Bickell.
2:15 of 3rd period - Shot Blocked by Robert Bortuzzo.
2:26 of 3rd period - Off-side.
2:27 of 3rd period - Marek Zagrapan wins face-off versus Michael Latta in neutral zone.
2:32 of 3rd period - Snap shot by Danny Kristo.
2:32 of 3rd period - Shot Misses the Net.
2:48 of 3rd period - Minor Penalty to Jiri Sekac for Interference.
2:49 of 3rd period - Jason Akeson wins face-off versus James Wright in Diablos zone.
3:07 of 3rd period - Minor Penalty to Nick Spaling for Tripping.
3:08 of 3rd period - James Wright wins face-off versus Jason Akeson in Diablos zone.
3:08 of 3rd period - Slapshot by Dennis Everberg.
3:08 of 3rd period - Stopped by Andrew Hammond with a rebound.
3:10 of 3rd period - Snap shot by James Wright.
3:10 of 3rd period - Shot Misses the Net.
3:12 of 3rd period - Wrist shot by Dennis Everberg.
3:12 of 3rd period - Shot Hit the Post.
3:14 of 3rd period - Slapshot by Dennis Everberg.
3:14 of 3rd period - Stopped by Andrew Hammond without a rebound.
3:15 of 3rd period - Jason Akeson wins face-off versus James Wright in Diablos zone.
3:19 of 3rd period - Off-side.
3:20 of 3rd period - Jason Akeson wins face-off versus James Wright in neutral zone.
4:48 of 3rd period - Penalty to Jiri Sekac is over, Jiri Sekac is back on ice.
5:07 of 3rd period - Penalty to Nick Spaling is over, Nick Spaling is back on ice.
5:16 of 3rd period - Slapshot by Brian Dumoulin.
5:16 of 3rd period - Shot Blocked by Taylor Aronson.
5:18 of 3rd period - Snap shot by Andrey Pedan.
5:18 of 3rd period - Deflect By Tyler Pitlick.
5:18 of 3rd period - Stopped by Karri Ramo without a rebound.
5:19 of 3rd period - Phil McRae wins face-off versus Corey Trivino in Demolitions zone.
5:24 of 3rd period - Joel Vermin is hit by Corey Trivino and loses puck.
5:41 of 3rd period - Brian Dumoulin is hit by Robert Bortuzzo and loses puck.
6:29 of 3rd period - Billy Sweat is hit by Nikita Nesterov and loses puck.
7:04 of 3rd period - Slapshot by Seth Helgeson.
7:04 of 3rd period - Stopped by Andrew Hammond with a rebound.
7:06 of 3rd period - Slapshot by Seth Helgeson.
7:06 of 3rd period - Shot Misses the Net.
7:08 of 3rd period - Backhand shot by Billy Sweat.
7:08 of 3rd period - Stopped by Andrew Hammond without a rebound.
7:09 of 3rd period - Michael Latta wins face-off versus Lars Eller in Diablos zone.
7:12 of 3rd period - Snap shot by Erik Cole.
7:12 of 3rd period - Shot Misses the Net.
7:14 of 3rd period - Snap shot by Jonathan Blum.
7:14 of 3rd period - Deflect By Erik Cole.
7:14 of 3rd period - Shot Misses the Net.
7:14 of 3rd period - Puck is out of play.
7:15 of 3rd period - Michael Latta wins face-off versus Lars Eller in Diablos zone.
7:32 of 3rd period - Jonathan Blum is hit by Philip Larsen.
7:41 of 3rd period - Off-side.
7:42 of 3rd period - James Wright wins face-off versus Marek Zagrapan in neutral zone.
7:47 of 3rd period - Snap shot by Lane MacDermid.
7:47 of 3rd period - Deflect By Dennis Everberg.
7:47 of 3rd period - Shot Misses the Net.
7:47 of 3rd period - Puck is out of play.
7:48 of 3rd period - Lars Eller wins face-off versus Michael Latta in Diablos zone.
8:04 of 3rd period - Off-side.
8:05 of 3rd period - Marek Zagrapan wins face-off versus Michael Latta in neutral zone.
9:15 of 3rd period - Off-side.
9:16 of 3rd period - Corey Trivino wins face-off versus Michael Latta in neutral zone.
10:10 of 3rd period - Snap shot by James Wright.
10:10 of 3rd period - Deflect By Lars Eller.
10:10 of 3rd period - Stopped by Andrew Hammond with a rebound.
10:18 of 3rd period - Jonathan Blum is hit by Jason Akeson and loses puck.
10:51 of 3rd period - Snap shot by Aaron Palushaj.
10:51 of 3rd period - Shot Misses the Net.
12:09 of 3rd period - Wrist shot by Brandon McMillan.
12:09 of 3rd period - Shot Misses the Net.
12:11 of 3rd period - Snap shot by Brandon McMillan.
12:11 of 3rd period - Shot Misses the Net.
12:13 of 3rd period - Slapshot by Seth Helgeson.
12:13 of 3rd period - Shot Misses the Net.
12:23 of 3rd period - Philip Larsen is hit by Cameron Schilling and loses puck.
12:46 of 3rd period - Wrist shot by Peter Holland.
12:46 of 3rd period - Shot Misses the Net.
12:56 of 3rd period - Wrist shot by Peter Holland.
12:56 of 3rd period - Stopped by Karri Ramo with a rebound.
13:30 of 3rd period - Slapshot by Alex Petrovic.
13:30 of 3rd period - Shot Misses the Net.
13:44 of 3rd period - Danny Kristo is hit by Billy Sweat and loses puck.
13:49 of 3rd period - Snap shot by Billy Sweat.
13:49 of 3rd period - Stopped by Andrew Hammond without a rebound.
13:50 of 3rd period - Michael Latta wins face-off versus Lars Eller in Diablos zone.
13:59 of 3rd period - Wrist shot by Nick Spaling.
13:59 of 3rd period - Stopped by Karri Ramo without a rebound.
14:00 of 3rd period - Lars Eller wins face-off versus Michael Latta in Demolitions zone.
14:35 of 3rd period - Snap shot by Jason Akeson.
14:35 of 3rd period - Shot Blocked by Taylor Aronson.
14:37 of 3rd period - Wrist shot by Jason Akeson.
14:37 of 3rd period - Goal by Jason Akeson - Diablos : 4 - Demolitions : 4.
14:38 of 3rd period - Corey Trivino wins face-off versus James Wright in neutral zone.
14:41 of 3rd period - Cameron Schilling is hit by Corey Trivino and loses puck.
14:48 of 3rd period - Tyler Pitlick is hit by Lane MacDermid and loses puck.
15:28 of 3rd period - Marek Zagrapan is hit by Corban Knight and loses puck.
16:13 of 3rd period - Alex Petrovic is hit by Dennis Everberg and loses puck.
17:57 of 3rd period - Wrist shot by Barclay Goodrow.
17:57 of 3rd period - Stopped by Karri Ramo with a rebound.
18:01 of 3rd period - Wrist shot by Peter Holland.
18:01 of 3rd period - Deflect By Barclay Goodrow.
18:01 of 3rd period - Shot Misses the Net.
18:01 of 3rd period - Puck is out of play.
18:02 of 3rd period - Michael Latta wins face-off versus Marek Zagrapan in Demolitions zone.
18:04 of 3rd period - Minor Penalty to Erik Cole for Charging.
18:05 of 3rd period - James Wright wins face-off versus Jason Akeson in Demolitions zone.
18:15 of 3rd period - Wrist shot by Jason Akeson.
18:15 of 3rd period - Shot Blocked by Seth Helgeson.
18:17 of 3rd period - Slapshot by Philip Larsen.
18:17 of 3rd period - Shot Blocked by Seth Helgeson.
18:19 of 3rd period - Slapshot by Philip Larsen.
18:19 of 3rd period - Deflect By Lars Eller.
18:19 of 3rd period - Stopped by Karri Ramo without a rebound.
18:20 of 3rd period - James Wright wins face-off versus Lars Eller in Demolitions zone.
Goals for this period are 1 for Diablos vs 0 for Demolitions.
Shots for this period are 10 for Diablos vs 6 for Demolitions.

Overtime #1


0:01 of 1st overtime period - James Wright wins face-off versus Jason Akeson in neutral zone.
0:04 of 1st overtime period - Penalty to Erik Cole is over, Erik Cole is back on ice.
0:16 of 1st overtime period - Slapshot by Jonathan Blum.
0:16 of 1st overtime period - Shot Misses the Net.
1:50 of 1st overtime period - Robert Bortuzzo is hit by Bryan Bickell and loses puck.
2:01 of 1st overtime period - Snap shot by Bryan Bickell.
2:01 of 1st overtime period - Stopped by Karri Ramo without a rebound.
2:02 of 1st overtime period - James Wright wins face-off versus Jason Akeson in Demolitions zone.
2:27 of 1st overtime period - Philip Larsen is hit by Billy Sweat and loses puck.
2:34 of 1st overtime period - Wrist shot by Lars Eller.
2:34 of 1st overtime period - Stopped by Karri Ramo without a rebound.
2:35 of 1st overtime period - Jason Akeson wins face-off versus James Wright in Demolitions zone.
2:58 of 1st overtime period - Alex Petrovic is hit by Billy Sweat and loses puck.
3:45 of 1st overtime period - Tobias Lindberg is hit by Lane MacDermid and loses puck.
3:52 of 1st overtime period - Snap shot by Lane MacDermid.
3:52 of 1st overtime period - Deflect By Brian Dumoulin.
3:52 of 1st overtime period - Stopped by Andrew Hammond without a rebound.
3:53 of 1st overtime period - Jason Akeson wins face-off versus James Wright in Diablos zone.
4:04 of 1st overtime period - Brian Dumoulin is hit by Seth Helgeson and loses puck.
4:15 of 1st overtime period - Jonathan Blum is hit by Tyler Pitlick and loses puck.
4:42 of 1st overtime period - Snap shot by Michael Latta.
4:42 of 1st overtime period - Shot Blocked by Jason Akeson.
Goals for this period are 0 for Diablos vs 0 for Demolitions.
Shots for this period are 2 for Diablos vs 1 for Demolitions.

ShootOut


5:00 of 1st overtime period - Round #1.
5:00 of 1st overtime period - Diablos , Jason Akeson.
5:00 of 1st overtime period - Wrist shot by Jason Akeson.
5:00 of 1st overtime period - Goal by Jason Akeson.
5:00 of 1st overtime period - Demolitions, Joel Vermin.
5:00 of 1st overtime period - Deke by Joel Vermin.
5:00 of 1st overtime period - Stopped by Andrew Hammond.
5:00 of 1st overtime period - Round #2.
5:00 of 1st overtime period - Diablos , Nick Spaling.
5:00 of 1st overtime period - Deke by Nick Spaling.
5:00 of 1st overtime period - Stopped by Karri Ramo.
5:00 of 1st overtime period - Demolitions, Erik Cole.
5:00 of 1st overtime period - Snap shot by Erik Cole.
5:00 of 1st overtime period - Stopped by Andrew Hammond.
5:00 of 1st overtime period - Round #3.
5:00 of 1st overtime period - Diablos , Lars Eller.
5:00 of 1st overtime period - Snap shot by Lars Eller.
5:00 of 1st overtime period - Stopped by Karri Ramo.
5:00 of 1st overtime period - Demolitions, Spencer Machacek.
5:00 of 1st overtime period - Backhand shot by Spencer Machacek.
5:00 of 1st overtime period - Goal by Spencer Machacek.
5:00 of 1st overtime period - Round #4.
5:00 of 1st overtime period - Diablos , Tyler Pitlick.
5:00 of 1st overtime period - Snap shot by Tyler Pitlick.
5:00 of 1st overtime period - Stopped by Karri Ramo.
5:00 of 1st overtime period - Demolitions, Dennis Everberg.
5:00 of 1st overtime period - Wrist shot by Dennis Everberg.
5:00 of 1st overtime period - Stopped by Andrew Hammond.
5:00 of 1st overtime period - Round #5.
5:00 of 1st overtime period - Diablos , Corey Trivino.
5:00 of 1st overtime period - Snap shot by Corey Trivino.
5:00 of 1st overtime period - Shot Misses the Net.
5:00 of 1st overtime period - Demolitions, Lane MacDermid.
5:00 of 1st overtime period - Backhand shot by Lane MacDermid.
5:00 of 1st overtime period - Stopped by Andrew Hammond.
5:00 of 1st overtime period - Round #6.
5:00 of 1st overtime period - Diablos , Danny Kristo.
5:00 of 1st overtime period - Snap shot by Danny Kristo.
5:00 of 1st overtime period - Shot Misses the Net.
5:00 of 1st overtime period - Demolitions, Billy Sweat.
5:00 of 1st overtime period - Deke by Billy Sweat.
5:00 of 1st overtime period - Stopped by Andrew Hammond.
5:00 of 1st overtime period - Round #7.
5:00 of 1st overtime period - Diablos , Philip Larsen.
5:00 of 1st overtime period - Deke by Philip Larsen.
5:00 of 1st overtime period - Stopped by Karri Ramo.
5:00 of 1st overtime period - Demolitions, Cameron Schilling.
5:00 of 1st overtime period - Wrist shot by Cameron Schilling.
5:00 of 1st overtime period - Shot Misses the Net.
5:00 of 1st overtime period - Round #8.
5:00 of 1st overtime period - Diablos , Bryan Bickell.
5:00 of 1st overtime period - Deke by Bryan Bickell.
5:00 of 1st overtime period - Shot Misses the Net.
5:00 of 1st overtime period - Demolitions, Brandon McMillan.
5:00 of 1st overtime period - Wrist shot by Brandon McMillan.
5:00 of 1st overtime period - Goal by Brandon McMillan.